 Dungeon Crawl Stone Soup version 0.29.1-4-g47bece8355 (webtiles) character file.

Game seed: 386748264919933197

356 mester the Covert (level 6, -3/28 HPs)
             Began as a Felid Berserker on Dec 1, 2022.
             Was a Believer of Trog.
             Slain by an iguana (12 damage)
             ... on level 5 of the Dungeon.
             The game lasted 00:21:29 (4087 turns).

mester the Covert (Felid Berserker)                 Turns: 4087, Time: 00:21:30

Health: -3/28      AC:  2    Str: 15    XL:     6   Next: 36%
Magic:  7/7        EV: 18    Int: 15    God:    Trog [**....]
Gold:   201        SH:  0    Dex: 15    Spells: 5/5 levels left
                                        Lives:  0   Deaths: 1

rFire   . . .      SeeInvis +     - Unarmed
rCold   . . .      Faith    .   (shield unavailable)
rNeg    . . .      Spirit   .   (body armour unavailable)
rPois   .          Reflect  .   (helmet unavailable)
rElec   .          Harm     .   (cloak unavailable)
rCorr   .          Rampage  .   (gloves unavailable)
Will    .....                   (boots unavailable)
Stlth   ++++......              (no amulet)
HPRegen 0.09/turn               n - +6 ring of intelligence
MPRegen 0.10/turn               (no ring)

@: quick
A: very small, claws 1, fangs 3, see invisible, speed 1, shaggy fur 2, stealthy
paws, no weapons or thrown items, no armour, multi-lived
a: Renounce Religion, Berserk, Trog's Hand


You were on level 5 of the Dungeon.
You worshipped Trog.
Trog was pleased with you.
You visited 1 branch of the dungeon, and saw 5 of its levels.

You collected 223 gold pieces.
You spent 22 gold pieces at shops.

Inventory:

Jewellery
 k - an amulet of magic regeneration
 n - a +6 ring of intelligence (left paw)
Scrolls
 a - a scroll of teleportation
 c - 2 scrolls of identify
 g - a scroll of enchant weapon {unknown}
 h - a scroll of magic mapping {unknown}
 i - 2 scrolls of blinking
 j - 2 scrolls of amnesia
 m - a scroll of poison {unknown}
Potions
 b - 2 potions of attraction
 d - 2 potions of curing {unknown}
 e - 3 potions of mutation
 f - 2 potions of lignification {unknown}
 l - a potion of brilliance {unknown}
 o - a potion of haste {unknown}
 p - a potion of might {unknown}


   Skills:
 - Level 3.3 Fighting
 - Level 4.5 Dodging
 + Level 9.0 Stealth
 - Level 3.4 Unarmed Combat


You had 5 spell levels left.
You didn't know any spells.
Your spell library contained the following spells:

 Spells                   Type           Power      Damage    Failure   Level
 Dazzling Flash           Conj/Hex       0%         N/A       63%         3
 Agony                    Necr           0%         N/A       100%        5
 Silence                  Hex/Air        0%         N/A       100%        5


Dungeon Overview and Level Annotations

Branches:
Dungeon (5/15)
 Temple: D:4-7

Altars:
Dithmenos
Nemelex Xobeh

Shops:
D:1 [   D:4 *=


Innate Abilities, Weirdness & Mutations

You have sharp claws.
You have razor-sharp teeth.
You have supernaturally acute eyesight. (SInv)
You cover ground quickly. (Speed+)
You are covered in thick fur. (AC +2)
Your paws help you pounce on unaware monsters.
You are incapable of wielding weapons or throwing items.
You cannot wear armour.
You gain extra lives every three experience levels.


Message History

Found an escape hatch in the ceiling.
c - 2 scrolls of identify (gained 1)
p - a bubbling emerald potion
Found a runed translucent gate.
You open the gate.
The water moccasin simulacrum closely misses you.
You closely miss the water moccasin simulacrum.
You bite the water moccasin simulacrum.
The water moccasin simulacrum is moderately damaged.
The water moccasin simulacrum barely misses you.
You barely miss the water moccasin simulacrum.
You claw the water moccasin simulacrum. You bite the water moccasin simulacrum.
The water moccasin simulacrum is heavily damaged.
The water moccasin simulacrum bites you.
The water moccasin simulacrum freezes you!
You closely miss the water moccasin simulacrum.
The water moccasin simulacrum is heavily damaged.
The water moccasin simulacrum closely misses you.
An iguana comes into view.
The iguana hisses angrily.
You scratch the water moccasin simulacrum.
The water moccasin simulacrum is almost destroyed.
The water moccasin simulacrum barely misses you.
You scratch the water moccasin simulacrum.
The water moccasin simulacrum vaporises!
Trog accepts your kill.
Your Stealth skill increases to level 9!
You scratch the iguana. You bite the iguana, but do no damage.
The iguana is heavily wounded.
The iguana bites you!
You scratch the iguana but do no damage.
The iguana is heavily wounded.
The iguana bites you.
You scratch the iguana but do no damage.
The iguana is moderately wounded.
The iguana completely misses you.
You scratch the iguana.
The iguana is severely wounded.
The iguana bites you!
You die...

###. #... #.... ...#
##### # #..###...##.##
#..##........###
#####..#..@l.......#
.........###'''###..
#####...##.......#
#...#.........#
#..##..........#
#######..#...####....#
#....<..##..## ##...
#.#####.#..# #.. #.#
#.#..#


You could see an iguana.

Vanquished Creatures
  An ogre (D:4)
  A scorpion (D:4)
  A howler monkey (D:5)
  A jelly (D:5)
  A hound (D:4)
  A water moccasin simulacrum (D:5)
  2 iguanas (D:4)
  4 adders
  An ufetubus (D:4)
  A worm (D:2)
  2 dart slugs
  2 orcs
  5 ball pythons
  5 bats
  3 endoplasms
  4 giant cockroaches
  3 goblins
  2 hobgoblins (D:2)
  8 jackals
  A quokka (D:3)
  3 frilled lizards
  5 kobolds
  3 rats
60 creatures vanquished.

Vanquished Creatures (others)
  7 plants
7 creatures vanquished.

Grand Total: 67 creatures vanquished

Notes
Turn   | Place    | Note
-------+----------+-------------------------------------------
     0 | D:1      | mester the Felid Berserker began the quest for the Orb.
     0 | D:1      | Reached XP level 1. HP: 10/10 MP: 2/2
   109 | D:1      | Reached skill level 1 in Stealth
   109 | D:1      | Reached XP level 2. HP: 14/14 MP: 3/3
   232 | D:1      | Found Ixotad's Antique Armour Boutique.
   870 | D:2      | Reached XP level 3. HP: 17/17 MP: 4/4
   890 | D:2      | Found a faded altar of an unknown god.
   969 | D:2      | Reached ** piety under Trog
   973 | D:2      | Reached skill level 2 in Stealth
  1875 | D:3      | Found a shadowy altar of Dithmenos.
  2000 | D:3      | Identified the +10 rapier of Urphe {flame, rC+ Str+3}
  2077 | D:3      | Reached skill level 3 in Stealth
  2192 | D:3      | Found a sparkling altar of Nemelex Xobeh.
  2699 | D:4      | Reached XP level 4. HP: 17/21 MP: 5/5
  2774 | D:4      | Found Foelezxuid's General Store.
  2774 | D:4      | Noticed a scorpion
  2781 | D:4      | Killed a scorpion
  2782 | D:4      | Reached skill level 5 in Stealth
  2782 | D:4      | Reached XP level 5. HP: 24/24 MP: 6/6
  2786 | D:4      | Slain by a kobold
  2787 | D:4      | Reached XP level 4. HP: -2/21 MP: 5/5
  3200 | D:4      | Reached skill level 6 in Stealth
  3361 | D:4      | Bought a scroll of identify for 22 gold pieces
  3593 | D:4      | Reached XP level 5. HP: 24/24 MP: 6/6
  3641 | D:4      | Reached skill level 7 in Stealth
  3867 | D:4      | Found Reufy's One-of-a-Kind Rings.
  3868 | D:4      | Noticed an ogre
  3869 | D:4      | Killed an ogre
  3870 | D:4      | Reached skill level 8 in Stealth
  3947 | D:5      | Entered Level 5 of the Dungeon
  3979 | D:5      | Gained mutation: You are covered in thick fur. (AC +2)
                  | [Felid growth]
  3979 | D:5      | Reached XP level 6. HP: 28/28 MP: 7/7
  4064 | D:5      | Found a runed translucent gate.
  4064 | D:5      | Found a runed translucent gate.
  4064 | D:5      | Found a runed translucent gate.
  4078 | D:5      | Reached skill level 9 in Stealth
  4087 | D:5      | Slain by an iguana

Illustrated notes

Levels and vault maps discovered:
D:1:      erik_arrival_triangle_small, layout_loops_ring, serial_shops,
          nicolae_shop_overgrown_old_shop, grunt_decor_one_mirror,
          hangedman_abyss_or_decor_stabs
D:2:      layout_loops_corners, hellmonk_ecumenical_altar_pennies_from_heaven
D:3:      layout_basic, lemuel_tele_altar, grunt_dithmenos_smoke_and_mirrors,
          serial_bayou, serial_bayou_crossing, serial_bayou_pond_a,
          serial_bayou_lagoon_b, serial_bayou_shore_a
D:4:      layout_basic, nicolae_shop_unique_rings, kennysheep_windowed_goal
D:5:      layout_loops_ring, overflow_temple_1_default, gammafunk_ghost_icy,
          mrwooster_statue_mirror, roderic_lattice_a, amethyst_killhole

Skill      XL: |  1  2  3  4  5  6 |
---------------+-------------------+-----
Stealth        | 1 3 6 8 9 |  9.0
Fighting       | |  3.3
Dodging        | |  4.5
Unarmed Combat | |  3.4

Action                   |  1- 3 |  4- 6 || total
-------------------------+-------+-------++-------
Melee: Unarmed           |    86 |    60 ||   146
       Bite              |     6 |     7 ||    13
       Punch             |       |     3 ||     3
Invok: Berserk           |     5 |     7 ||    12
       Trog's Hand       |     1 |     2 ||     3
  Use: Scroll            |     4 |     1 ||     5
 Stab: Sleeping          |     7 |     4 ||    11
Armor: Skin              |     2 |       ||     2
Dodge: Dodged            |    58 |    47 ||   105
